 Dungeon Crawl Stone Soup version 0.19-a0-1888-g6ba2374 (webtiles) character file.

1638 Naow the Warrior (level 9, 0/64 HPs)
             Began as a Formicid Fighter on Oct 17, 2016.
             Was a Believer of Okawaru.
             Slain by an ogre
             ... wielding a +0 giant spiked club
              (5 damage)
             ... on level 7 of the Dungeon.
             The game lasted 00:08:48 (6047 turns).

Naow the Warrior (Formicid Fighter)                 Turns: 6047, Time: 00:08:49

Health: 0/64       AC:  9    Str: 25    XL:     9   Next: 18%
Magic:  15/16      EV: 12    Int: 13    God:    Okawaru [**....]
Gold:   290        SH: 11    Dex: 10    Spells: 0 memorised, 8 levels left

rFire  . . .     SeeInvis +     a - +0 war axe
rCold  . . .     Gourm    .     b - +0 scale mail
rNeg   . . .     Faith    .     c - +0 shield
rPois  .         Spirit   .     (helmet unavailable)
rElec  .         Dismiss  +     y - +0 cloak
rCorr  .         Reflect  .     (no gloves)
MR     .....     Harm     .     (no boots)
Stlth  ++........               K - amulet of dismissal
                                w - ring of stealth
                                q - +6 ring of intelligence

@: heroism
A: permanent stasis, dig shafts and tunnels, four strong arms, antennae 3
a: Dig, Shaft Self, Heroism, Renounce Religion


You were on level 7 of the Dungeon.
You worshipped Okawaru.
Okawaru was pleased with you.
You were not hungry.

You visited 1 branch of the dungeon, and saw 7 of its levels.
You also visited: Sewer.

You collected 290 gold pieces.

Inventory:

Hand Weapons
 a - a +0 war axe (weapon)
Armour
 b - a +0 scale mail (worn)
 c - a +0 shield (worn)
 y - a +0 cloak (worn)
Jewellery
 l - a +2 ring of intelligence
 q - a +6 ring of intelligence (left hand)
 w - a ring of stealth (right hand)
 K - an amulet of dismissal (around neck)
Wands
 p - a wand of random effects (19/48)
 A - a wand of polymorph (5/24)
 D - a wand of flame (18/48)
 I - a wand of acid (5/15)
 M - a wand of acid (4/15)
Scrolls
 g - 6 scrolls of identify {unknown}
 h - 2 scrolls of noise {unknown}
 j - 2 scrolls of magic mapping {unknown}
 k - a scroll of enchant armour {unknown}
 m - 3 scrolls of amnesia {unknown}
 t - 6 scrolls of teleportation
 v - 2 scrolls of remove curse {unknown}
 z - 3 scrolls of fog {unknown}
 C - a scroll of immolation {unknown}
 E - a scroll of enchant weapon {unknown}
 J - 2 scrolls of blinking
Potions
 d - a potion of might
 e - 5 potions of curing {unknown}
 i - a potion of ambrosia {unknown}
 n - 5 potions of heal wounds {unknown}
 o - 6 potions of flight
 r - a potion of cancellation {unknown}
 s - 2 potions of agility {unknown}
 H - a potion of brilliance {unknown}
Books
 G - a book of Necromancy

   Spells                             Type                      Level
   a - Pain                           Necromancy                   1
   b - Animate Skeleton               Necromancy                   1
   c - Vampiric Draining              Necromancy                   3
   d - Regeneration                   Charms/Necromancy            3
   e - Animate Dead                   Necromancy                   4
   f - Control Undead                 Necromancy                   4
 L - a book of Conjurations

   Spells                             Type                      Level
   a - Magic Dart                     Conjuration                  1
   b - Searing Ray                    Conjuration                  2
   c - Dazzling Spray                 Conjuration/Hexes            3
   d - Fulminant Prism                Conjuration/Hexes            4
   e - Iskenderun's Mystic Blast      Conjuration                  4
   f - Iskenderun's Battlesphere      Conjuration/Charms           5
Comestibles
 f - 6 bread rations
 u - 2 meat rations
 x - a royal jelly
 B - 2 beef jerkies
 F - 2 chunks of flesh


   Skills:
 - Level 3.4(8.4) Fighting
 - Level 7.5(12.5) Axes
 - Level 3.3(8.3) Armour
 - Level 3.6(8.6) Shields
 + Level 9.7 Invocations


You had 8 spell levels left.
You didn't know any spells.

Dungeon Overview and Level Annotations

Branches:
Dungeon (7/15)             Temple (0/1) D:5

Altars:
Cheibriados
Fedhas
Kikubaaqudgha
Nemelex Xobeh
Okawaru
Trog
Yredelemnul
Zin


Innate Abilities, Weirdness & Mutations

You are under a permanent stasis effect.
You can dig through walls and to a lower floor.
Your four strong arms can wield two-handed weapons with a shield.
You have a pair of large antennae on your head. (SInv)


Message History

You barely miss the ogre.
The ogre is almost dead.
You block the ogre's attack.
You hit the ogre but do no damage.
The ogre is almost dead.
The ogre closely misses you.
You barely miss the ogre.
The ogre is almost dead.
You hit the ogre but do no damage.
The ogre is almost dead.
You block the ogre's attack.
You hit the ogre but do no damage.
The ogre is almost dead.
You block the ogre's attack.
You barely miss the ogre.
The ogre is almost dead.
You barely miss the ogre.
The ogre is almost dead.
The ogre hits you with a giant spiked club.
You die...

####### ##.....###
##........## #........÷.#
#.....###.## #....###.##
#....# #@# #....##O##
#....##. ###########
#....##÷ #........>####
####....##÷
#########.....
##.......### #...#######
##.........###### #.#.##
#...............## #.#..#
#................###.##.#


You could see an ogre.

Vanquished Creatures
  A phantom (D:6)
  2 sky beasts (D:7)
  A black bear (D:7)
  4 ogres
  A centaur (D:6)
  A scorpion (D:4)
  3 howler monkeys
  A centaur zombie (D:4)
  An orc priest (D:3)
  2 hounds
  2 orc wizards
  Ijyb (D:2)
  A siren (Sewer)
  8 worker ants
  A merfolk avatar (Sewer)
  A howler monkey zombie (D:7)
  Robin (D:2)
  6 adders
  3 river rats
  2 shadow imps (D:7)
  4 dart slugs
  3 leopard geckos
  11 orcs
  6 ball pythons (Sewer)
  6 giant cockroaches
  23 goblins
  5 hobgoblins (D:1)
  9 jackals
  17 kobolds
  2 quokkas (D:2)
  8 bats
  9 frilled lizards
  A leopard gecko zombie (D:7)
  A quokka skeleton (D:6)
  28 rats
176 creatures vanquished.

Notes
Turn   | Place    | Note
-------+----------+-------------------------------------------
     0 | D:1      | Naow the Formicid Fighter began the quest for the Orb.
     0 | D:1      | Reached XP level 1. HP: 18/18 MP: 1/1
   195 | D:1      | Reached XP level 2. HP: 10/24 MP: 2/2
   650 | D:1      | Reached XP level 3. HP: 28/29 MP: 3/3
   948 | D:2      | Reached XP level 4. HP: 33/35 MP: 4/4
   978 | D:2      | Noticed Ijyb
   988 | D:2      | Killed Ijyb
  1219 | D:2      | Found a blossoming altar of Fedhas.
  1471 | D:2      | Reached XP level 5. HP: 39/41 MP: 5/5
  1535 | D:2      | Noticed Robin
  1551 | D:2      | Killed Robin
  1551 | D:2      | Reached skill level 5 in Axes
  2263 | D:3      | Reached XP level 6. HP: 21/47 MP: 6/6
  2637 | D:3      | Found a sparkling altar of Nemelex Xobeh.
  2730 | D:4      | Noticed an ogre
  2735 | D:4      | Killed an ogre
  2983 | D:4      | Found an iron altar of Okawaru.
  2983 | D:4      | Found a basalt altar of Yredelemnul.
  2983 | D:4      | Found an ancient bone altar of Kikubaaqudgha.
  2990 | D:4      | Became a worshipper of Warmaster Okawaru
  3120 | D:4      | Found a snail-covered altar of Cheibriados.
  3138 | D:4      | Reached XP level 7. HP: 48/52 MP: 7/7
  3639 | D:4      | Reached skill level 1 in Invocations
  3756 | D:5      | Entered Level 5 of the Dungeon
  3780 | D:5      | Found an iron altar of Okawaru.
  3799 | D:5      | Reached * piety under Okawaru
  3799 | D:5      | Reached skill level 2 in Invocations
  3885 | D:5      | Found a staircase to the Ecumenical Temple.
  4066 | D:5      | Found a bloodstained altar of Trog.
  4066 | D:5      | Found a glowing silver altar of Zin.
  4194 | D:6      | Reached skill level 3 in Invocations
  4264 | D:6      | Reached skill level 4 in Invocations
  4264 | D:6      | Reached XP level 8. HP: 36/58 MP: 9/11
  4361 | D:6      | Found a sparkling altar of Nemelex Xobeh.
  4371 | D:6      | Reached skill level 5 in Invocations
  4737 | D:6      | Reached ** piety under Okawaru
  4737 | D:6      | Reached skill level 6 in Invocations
  4885 | D:6      | Found a glowing drain.
  4894 | Sewer    | Entered a sewer
  5092 | Sewer    | Reached skill level 7 in Invocations
  5686 | D:7      | Reached skill level 8 in Invocations
  5701 | D:7      | Reached XP level 9. HP: 51/64 MP: 13/15
  5822 | D:7      | Reached skill level 9 in Invocations
  6039 | D:7      | HP: 3/64 [ogre/giant spiked club (15)]
  6047 | D:7      | Slain by an ogre

Vault maps used:
D:1:      erik_arrival_triangle_small, minmay_unequal
D:2:      kennysheep_goblin_castle, minmay_misc_feat_four_crosses,
          minmay_tree_intersection, corner_web_ring, fedhas_altar_1, uniq_robin,
          uniq_iyjb
D:3:      nemelex_xobeh_ov_fountains_minmay, minmay_misc_feat_columns,
          serial_bayou_pond_e, minmay_misc_feat_encased,
          kennysheep_generic_room_5
D:4:      gammafunk_temple_overflow_claw, hangedman_decor_growths,
          cheibriados_altar_1
D:5:      lemuel_ice_spiral_2, gammafunk_temple_overflow_pools, first_bread,
          okawaru_metal_pillars_1_2
D:6:      basic_altar, gup_sewer_entry_bubbles, nrook_pool_corridor
D:7:      grunt_ogre_cave, minmay_misc_feat_doors, tgw_sif
Sewer:    sewer_sea

Skill      XL: |  1  2  3  4  5  6  7  8  9 |
---------------+----------------------------+-----
Axes           | 3 4 5 6 7 |  7.5
Invocations    | 4 8 9 |  9.7
Fighting       | |  3.4
Armour         | |  3.3
Shields        | |  3.6

Action                   |  1- 3 |  4- 6 |  7- 9 || total
-------------------------+-------+-------+-------++-------
Melee: War axe           |   128 |   148 |   341 ||   617
Invok: Heroism           |       |       |     6 ||     6
  Use: Scroll            |       |       |     1 ||     1
  Eat: Chunk             |       |     8 |    10 ||    18
Armor: Scale mail        |    61 |    58 |   102 ||   221
Dodge: Dodged            |    57 |    52 |    76 ||   185
Block: Shield            |    84 |   100 |   136 ||   320
